TOP OF THE 1ST |
Columbia River Rats batting - Pitching for Phoenix Hotspur U-21 : RHP José Ruíz
|
Pitching: RHP José Ruíz
|
|
Batting: RHB Víctor Hernández
|
0-0: Foul Ball, location: 2F 0-1: Foul Ball, location: 2F 0-2: Ball 1-2: Strikes out swinging
|
Batting: RHB Mario Jacome
|
0-0: Called Strike 0-1: Called Strike 0-2: Ball 1-2: Ball 2-2: Foul Ball, location: 2F 2-2: Ball 3-2: Base on Balls
|
Batting: RHB Michael Walters
|
0-0: Swinging Strike 0-1: Called Strike 0-2: Ball Mario Jacome is caught stealing 2nd base 1-2: Foul Ball, location: 2F 1-2: Strikes out swinging
|
Top of the 1st over - 0 run(s), 0 hit(s), 0 error(s), 0 left on base; Columbia 0 - Phoenix 0 |
BOTTOM OF THE 1ST |
Phoenix Hotspur U-21 batting - Pitching for Columbia River Rats : RHP Augusto Deleón
|
Pitching: RHP Augusto Deleón
|
|
Batting: RHB Greg Billingsley
|
0-0: Called Strike 0-1: Ball 1-1: Ball 2-1: Ball 3-1: Base on Balls
|
Batting: RHB Bill Erickson
|
0-0: Called Strike 0-1: Ball 1-1: Foul Ball, location: 2F 1-2: Ball 2-2: Foul Ball, location: 2F 2-2: Foul Ball, location: 2F 2-2: Foul Ball, location: 2F 2-2: Strikes out swinging
|
Batting: LHB Wagaw Lukongolo
|
0-0: Foul Ball, location: 2F 0-1: Foul Ball, location: 2F 0-2: Ball 1-2: Ball 2-2: Fielders Choice at 2nd, 5-4 (Groundball, 56)
|
Batting: LHB Jason DeGeorge
|
0-0: Ball 1-0: Called Strike 1-1: Ball 2-1: Swinging Strike 2-2: Foul Ball, location: 2F 2-2: Fly out, F4 (Line Drive, 4)
|
Bottom of the 1st over - 0 run(s), 0 hit(s), 0 error(s), 1 left on base; Columbia 0 - Phoenix 0 |
TOP OF THE 2ND |
Columbia River Rats batting - Pitching for Phoenix Hotspur U-21 : RHP José Ruíz
|
Batting: RHB Marcos Rico
|
0-0: Fly out, F7 (Line Drive, 7)
|
Batting: SHB Robert Hillier
|
0-0: Ball 1-0: Ball 2-0: Swinging Strike 2-1: Swinging Strike 2-2: Ball 3-2: Foul Ball, location: 2F 3-2: Base on Balls
|
Batting: RHB Dan Parkinson
|
0-0: Ball 1-0: Ball 2-0: Foul Ball, location: 2F 2-1: SINGLE (Line Drive, 34) Robert Hillier to second
|
Batting: RHB Richard Blackburn
|
0-0: Called Strike 0-1: Swinging Strike 0-2: Foul Ball, location: 2F 0-2: Ball 1-2: Ball 2-2: Fly out, F7 (Flyball, 7S)
|
Batting: RHB Fernando Arévalo
|
0-0: Fly out, F4 (Popup, 4MD)
|
Top of the 2nd over - 0 run(s), 1 hit(s), 0 error(s), 2 left on base; Columbia 0 - Phoenix 0 |
BOTTOM OF THE 2ND |
Phoenix Hotspur U-21 batting - Pitching for Columbia River Rats : RHP Augusto Deleón
|
Batting: LHB Tyler Kinjeketile
|
0-0: Called Strike 0-1: Called Strike 0-2: Ground out U3 (Groundball, 3S)
|
Batting: RHB Solomon Norment
|
0-0: Ball 1-0: Fly out, F9 (Flyball, 9)
|
Batting: RHB Braylen Sampson
|
0-0: Foul Ball, location: 2F 0-1: Swinging Strike 0-2: Ball 1-2: Foul Ball, location: 2F 1-2: SINGLE (Groundball, 6D)
|
Batting: RHB Jim Justice
|
0-0: Ball 1-0: DOUBLE (Groundball, 5L) Braylen Sampson to third Runner from 3rd tries for Home, SAFE, no throw
|
Batting: RHB Bill Poole
|
0-0: Foul Ball, location: 2F 0-1: Foul Ball, location: 2F 0-2: SINGLE (Groundball, 4D) Jim Justice to third Runner from 3rd tries for Home, throw and OUT!
|
Bottom of the 2nd over - 1 run(s), 3 hit(s), 0 error(s), 1 left on base; Columbia 0 - Phoenix 1 |
TOP OF THE 3RD |
Columbia River Rats batting - Pitching for Phoenix Hotspur U-21 : RHP José Ruíz
|
Batting: RHB Miguel Delgado
|
0-0: Ball 1-0: Ball 2-0: Swinging Strike 2-1: Swinging Strike 2-2: Fly out, F7 (Line Drive, 78M)
|
Batting: RHB Víctor Hernández
|
0-0: Ball 1-0: Foul Ball, location: 2F 1-1: Foul Ball, location: 2F 1-2: Ball 2-2: Strikes out swinging
|
Batting: RHB Mario Jacome
|
0-0: Ball 1-0: Called Strike 1-1: Ball 2-1: SINGLE (Line Drive, 56)
|
Batting: RHB Michael Walters
|
0-0: Ball 1-0: Called Strike 1-1: Ball 2-1: SINGLE (Groundball, 4MD) Mario Jacome to second
|
Batting: RHB Marcos Rico
|
0-0: Ball 1-0: Called Strike 1-1: Ball 2-1: Ball 3-1: Called Strike 3-2: Fly out, F7 (Flyball, 78S)
|
Top of the 3rd over - 0 run(s), 2 hit(s), 0 error(s), 2 left on base; Columbia 0 - Phoenix 1 |
BOTTOM OF THE 3RD |
Phoenix Hotspur U-21 batting - Pitching for Columbia River Rats : RHP Augusto Deleón
|
Batting: RHB Greg Billingsley
|
0-0: Ball 1-0: Ball 2-0: Called Strike 2-1: Ground out 1-3 (Groundball, P)
|
Batting: RHB Bill Erickson
|
0-0: Foul Ball, location: 2F 0-1: Swinging Strike 0-2: Foul Ball, location: 2F 0-2: Ball 1-2: Strikes out swinging
|
Batting: LHB Wagaw Lukongolo
|
0-0: Foul Ball, location: 2F 0-1: Ball 1-1: Ball 2-1: Ball 3-1: Ground out 5-3 (Groundball, 5)
|
Bottom of the 3rd over - 0 run(s), 0 hit(s), 0 error(s), 0 left on base; Columbia 0 - Phoenix 1 |
TOP OF THE 4TH |
Columbia River Rats batting - Pitching for Phoenix Hotspur U-21 : RHP José Ruíz
|
Batting: SHB Robert Hillier
|
0-0: Called Strike 0-1: Ball 1-1: Ball 2-1: Ball 3-1: Foul Ball, location: 2F 3-2: Fly out, F7 (Flyball, 7S)
|
Batting: RHB Dan Parkinson
|
0-0: SINGLE (Line Drive, 34D)
|
Batting: RHB Richard Blackburn
|
0-0: Ball 1-0: SINGLE (Groundball, 56) (infield hit) Dan Parkinson to second
|
Batting: RHB Fernando Arévalo
|
0-0: Called Strike 0-1: Called Strike Dan Parkinson steals 3rd base Richard Blackburn to second 0-2: Ball 1-2: Ball 2-2: Foul Ball, location: 2F 2-2: Fly out, F8 (Flyball, 8LXD) Runner from 3rd tags up, SCORES, no throw Richard Blackburn to third
|
Batting: RHB Miguel Delgado
|
0-0: Ball 1-0: Called Strike 1-1: Fly out, F9 (Line Drive, 9)
|
Top of the 4th over - 1 run(s), 2 hit(s), 0 error(s), 1 left on base; Columbia 1 - Phoenix 1 |
BOTTOM OF THE 4TH |
Phoenix Hotspur U-21 batting - Pitching for Columbia River Rats : RHP Augusto Deleón
|
Batting: LHB Jason DeGeorge
|
0-0: Swinging Strike 0-1: Ball 1-1: Called Strike 1-2: Strikes out swinging
|
Batting: LHB Tyler Kinjeketile
|
0-0: Foul Ball, location: 2F 0-1: Foul Ball, location: 2F 0-2: Ball 1-2: Ball 2-2: Ball 3-2: SINGLE (Flyball, 9S)
|
Batting: RHB Solomon Norment
|
0-0: Swinging Strike 0-1: SINGLE (Line Drive, 4D) Tyler Kinjeketile to second Runner from 2nd tries for 3rd, SAFE, throw made to third
|
Batting: RHB Braylen Sampson
|
0-0: Ball 1-0: Called Strike Solomon Norment steals 2nd base 1-1: Fly out, F9 (Flyball, 9S)
|
Batting: RHB Jim Justice
|
0-0: Foul Ball, location: 2F 0-1: Ball 1-1: Called Strike 1-2: Ball 2-2: Ball 3-2: Foul Ball, location: 2F 3-2: Foul Ball, location: 2F 3-2: Foul Ball, location: 2F 3-2: Base on Balls
|
Batting: RHB Bill Poole
|
0-0: Ball 1-0: Ball 2-0: Ball 3-0: Base on Balls Tyler Kinjeketile scores Solomon Norment to third Jim Justice to second
|
Batting: RHB Greg Billingsley
|
0-0: Ball 1-0: Ball 2-0: Fielders Choice at 2nd, 6-4 (Groundball, 6)
|
Bottom of the 4th over - 1 run(s), 2 hit(s), 0 error(s), 2 left on base; Columbia 1 - Phoenix 2 |
TOP OF THE 5TH |
Columbia River Rats batting - Pitching for Phoenix Hotspur U-21 : RHP José Ruíz
|
Batting: RHB Víctor Hernández
|
0-0: SINGLE (Groundball, 56D)
|
Batting: RHB Mario Jacome
|
0-0: Bunted foul 0-1: Sac Bunt - play at first, batter OUT! 2-4 Víctor Hernández to second
|
Batting: RHB Michael Walters
|
0-0: Foul Ball, location: 2F 0-1: Ball 1-1: Foul Ball, location: 2F 1-2: Ball 2-2: Fly out, F4 (Popup, 4MD)
|
Batting: RHB Marcos Rico
|
0-0: Ball 1-0: Foul Ball, location: 2F 1-1: Ball 2-1: Called Strike 2-2: Ground out 1-3 (Groundball, 13S)
|
Top of the 5th over - 0 run(s), 1 hit(s), 0 error(s), 1 left on base; Columbia 1 - Phoenix 2 |
BOTTOM OF THE 5TH |
Phoenix Hotspur U-21 batting - Pitching for Columbia River Rats : RHP Augusto Deleón
|
Batting: RHB Bill Erickson
|
0-0: Foul Ball, location: 2F 0-1: Foul Ball, location: 2F 0-2: Ground out 5-3 (Groundball, 56S)
|
Batting: LHB Wagaw Lukongolo
|
0-0: Foul Ball, location: 2F 0-1: Swinging Strike 0-2: Strikes out swinging
|
Batting: LHB Jason DeGeorge
|
0-0: Fly out, F8 (Flyball, 8RS)
|
Bottom of the 5th over - 0 run(s), 0 hit(s), 0 error(s), 0 left on base; Columbia 1 - Phoenix 2 |
TOP OF THE 6TH |
Columbia River Rats batting - Pitching for Phoenix Hotspur U-21 : RHP José Ruíz
|
Batting: SHB Robert Hillier
|
0-0: Called Strike 0-1: Ball 1-1: Ball 2-1: Ground out 4-3 (Groundball, 4)
|
Batting: RHB Dan Parkinson
|
0-0: Foul Ball, location: 2F 0-1: Swinging Strike 0-2: Foul Ball, location: 2F 0-2: Strikes out swinging
|
Batting: RHB Richard Blackburn
|
0-0: Ball 1-0: Foul Ball, location: 2F 1-1: SINGLE (Groundball, 6MD)
|
Batting: RHB Fernando Arévalo
|
0-0: Ball Richard Blackburn steals 2nd base 1-0: Called Strike 1-1: SINGLE (Groundball, 34D) Richard Blackburn to third Runner from 3rd tries for Home, SAFE, no throw
|
Batting: RHB Miguel Delgado
|
0-0: Called Strike 0-1: Foul Ball, location: 2F 0-2: SINGLE (Line Drive, 6MD) Fernando Arévalo to second Fernando Arévalo to third
|
Batting: RHB Víctor Hernández
|
0-0: SINGLE (Groundball, 56D) Fernando Arévalo scores Miguel Delgado to second
|
Batting: RHB Mario Jacome
|
0-0: Foul Ball, location: 2F 0-1: SINGLE (Groundball, 56D) Miguel Delgado to third Víctor Hernández to second Runner from 3rd tries for Home, SAFE, no throw
|
Batting: RHB Michael Walters
|
0-0: Called Strike 0-1: Swinging Strike 0-2: Fielders Choice at 2nd, 6-4 (Groundball, 56)
|
Top of the 6th over - 3 run(s), 5 hit(s), 0 error(s), 1 left on base; Columbia 4 - Phoenix 2 |
BOTTOM OF THE 6TH |
Phoenix Hotspur U-21 batting - Pitching for Columbia River Rats : RHP Augusto Deleón
|
Batting: LHB Tyler Kinjeketile
|
0-0: Called Strike 0-1: Ball 1-1: Ground out 3-1 (Groundball, 34S)
|
Batting: RHB Solomon Norment
|
0-0: Ball 1-0: Ball 2-0: Called Strike 2-1: Foul Ball, location: 2F 2-2: Foul Ball, location: 2F 2-2: Ball 3-2: Base on Balls
|
Batting: RHB Braylen Sampson
|
0-0: Ball Solomon Norment is caught stealing 2nd base 1-0: SINGLE (Groundball, 4MD)
|
Pitching: RHP Toshiharu Kuhabara
|
|
Batting: RHB Jim Justice
|
0-0: Called Strike 0-1: Ball Braylen Sampson steals 2nd base 1-1: Ball 2-1: Swinging Strike 2-2: Strikes out swinging
|
Bottom of the 6th over - 0 run(s), 1 hit(s), 0 error(s), 1 left on base; Columbia 4 - Phoenix 2 |
TOP OF THE 7TH |
Columbia River Rats batting - Pitching for Phoenix Hotspur U-21 : RHP José Ruíz
|
Batting: RHB Marcos Rico
|
0-0: SINGLE (Groundball, 56D)
|
Pitching: RHP Lucas Akerval
|
|
Batting: SHB Robert Hillier
|
0-0: Fly out, F9 (Flyball, 9)
|
Batting: RHB Dan Parkinson
|
0-0: Fly out, F7 (Flyball, 78S)
|
Batting: RHB Richard Blackburn
|
0-0: Ball 1-0: Foul Ball, location: 2F 1-1: Called Strike 1-2: Strikes out looking
|
Top of the 7th over - 0 run(s), 1 hit(s), 0 error(s), 1 left on base; Columbia 4 - Phoenix 2 |
BOTTOM OF THE 7TH |
Phoenix Hotspur U-21 batting - Pitching for Columbia River Rats : RHP Toshiharu Kuhabara
|
Batting: RHB Bill Poole
|
0-0: Ball 1-0: Ground out 5-3 (Groundball, 56S)
|
Batting: RHB Greg Billingsley
|
0-0: Called Strike 0-1: Ball 1-1: Ball 2-1: Ball 3-1: Base on Balls
|
Batting: RHB Bill Erickson
|
0-0: Foul Ball, location: 2F 0-1: Ball 1-1: Ball 2-1: Foul Ball, location: 2F 2-2: Ball 3-2: Base on Balls Greg Billingsley to second
|
Batting: LHB Wagaw Lukongolo
|
0-0: Ball 1-0: Called Strike 1-1: Ball 2-1: Foul Ball, location: 2F 2-2: Strikes out swinging
|
Batting: LHB Jason DeGeorge
|
0-0: Fly out, F6 (Popup, 4MD)
|
Bottom of the 7th over - 0 run(s), 0 hit(s), 0 error(s), 2 left on base; Columbia 4 - Phoenix 2 |
TOP OF THE 8TH |
Columbia River Rats batting - Pitching for Phoenix Hotspur U-21 : RHP Lucas Akerval
|
Batting: RHB Fernando Arévalo
|
0-0: Ground out 5-3 (Groundball, 5)
|
Batting: RHB Miguel Delgado
|
0-0: Called Strike 0-1: Foul Ball, location: 2F 0-2: Ball 1-2: Ground out 6-3 (Groundball, 6S)
|
Batting: RHB Víctor Hernández
|
0-0: Ball 1-0: SINGLE (Groundball, 56) (infield hit)
|
Batting: RHB Mario Jacome
|
0-0: Ball Víctor Hernández is caught stealing 2nd base
|
Top of the 8th over - 0 run(s), 1 hit(s), 0 error(s), 0 left on base; Columbia 4 - Phoenix 2 |
BOTTOM OF THE 8TH |
Phoenix Hotspur U-21 batting - Pitching for Columbia River Rats : RHP Toshiharu Kuhabara
|
Batting: LHB Tyler Kinjeketile
|
0-0: Called Strike 0-1: Called Strike 0-2: Ball 1-2: Ball 2-2: Foul Ball, location: 2F 2-2: Strikes out looking
|
Batting: RHB Solomon Norment
|
0-0: Swinging Strike 0-1: Ball 1-1: Ball 2-1: Ball 3-1: Called Strike 3-2: Foul Ball, location: 2F 3-2: Foul Ball, location: 2F 3-2: Strikes out looking
|
Pitching: LHP José Fuentes
|
|
Batting: RHB Braylen Sampson
|
0-0: Called Strike 0-1: Foul Ball, location: 2F 0-2: Strikes out swinging
|
Bottom of the 8th over - 0 run(s), 0 hit(s), 0 error(s), 0 left on base; Columbia 4 - Phoenix 2 |
TOP OF THE 9TH |
Columbia River Rats batting - Pitching for Phoenix Hotspur U-21 : RHP Lucas Akerval
|
Batting: RHB Mario Jacome
|
0-0: Hit by Pitch
|
Batting: RHB Michael Walters
|
0-0: Called Strike 0-1: Ball 1-1: Ball 2-1: Ball Passed Ball! Mario Jacome to second 3-1: Swinging Strike 3-2: Strikes out swinging
|
Batting: RHB Marcos Rico
|
0-0: Intentional Walk
|
Batting: SHB Robert Hillier
|
0-0: Called Strike 0-1: Ball 1-1: SINGLE (Groundball, 4MD) Mario Jacome to third Marcos Rico to second
|
Batting: RHB Dan Parkinson
|
0-0: Ball 1-0: Called Strike 1-1: Called Strike 1-2: Strikes out swinging
|
Pinch Hitting: RHB Ken Barrett
|
0-0: Ball 1-0: Foul Ball, location: 2F 1-1: Fly out, F6 (Popup, 6MD)
|
Top of the 9th over - 0 run(s), 1 hit(s), 0 error(s), 3 left on base; Columbia 4 - Phoenix 2 |
BOTTOM OF THE 9TH |
Phoenix Hotspur U-21 batting - Pitching for Columbia River Rats : LHP José Fuentes
|
Now in LF: Ken Barrett
|
|
Batting: RHB Jim Justice
|
0-0: Hit by Pitch
|
Pinch Hitting: RHB Juan Negrete
|
0-0: Ball 1-0: Swinging Strike 1-1: Called Strike 1-2: Ball 2-2: Strikes out swinging
|
Pinch Hitting: RHB Kyle Vandusen
|
0-0: Ball 1-0: Ball 2-0: Foul Ball, location: 2F 2-1: Foul Ball, location: 2F 2-2: Grounds into double play, 4-6-3 (Groundball, 4M)
|
Bottom of the 9th over - 0 run(s), 0 hit(s), 0 error(s), 0 left on base; Columbia 4 - Phoenix 2 |
|